 Dungeon Crawl Stone Soup version 0.24.0-123-gd5b16e6ec5 (webtiles) character file.

Game seed: 1396064881352501201, levelgen mode: deterministic

43 FishyPogo the Gusty (level 3, -2/26 HPs)
             Began as a Draconian Air Elementalist on Dec 24, 2019.
             Slain by an ice beast (12 damage)
             ... on level 2 of the Dungeon.
             The game lasted 00:04:57 (1097 turns).

FishyPogo the Gusty (Draconian Air Elementalist)    Turns: 1097, Time: 00:04:58

Health: -2/26      AC:  5    Str: 11    XL:     3   Next: 37%
Magic:  2/6        EV: 12    Int: 15    God:
Gold:   32         SH:  0    Dex: 11    Spells: 6/7 levels left

rFire    . . .     SeeInvis .   a - +0 short sword
rCold    . . .     Gourm    .   (no shield)
rNeg     . . .     Faith    .   (armour unavailable)
rPois    .         Spirit   .   (helmet restricted)
rElec    .         Reflect  .   (no cloak)
rCorr    .         Harm     .   (no gloves)
MR       .....                  (no boots)
Stlth    ++........             (no amulet)
HPRegen  0.08/turn              (no ring)
MPRegen  0.10/turn              (no ring)

@: very slightly contaminated, slowed, very slow
A: unfitting armour, cold-blooded, AC +5
a: no special abilities


You were on level 2 of the Dungeon.
You were not hungry.

You visited 1 branch of the dungeon, and saw 2 of its levels.

You collected 32 gold pieces.

Inventory:

Hand Weapons
 a - a +0 short sword (weapon)
Missiles
 e - 33 stones (quivered)
 j - a throwing net
Scrolls
 d - a scroll of teleportation {unknown}
 g - 2 scrolls of identify {unknown}
 i - a scroll of enchant weapon {unknown}
 k - a scroll of remove curse {unknown}
Potions
 c - a potion of flight {unknown}
 f - a potion of cancellation {unknown}
 h - a potion of degeneration {unknown}
 l - 2 potions of heal wounds {unknown}
Comestibles
 b - 3 rations


   Skills:
 + Level 2.0 Dodging
 - Level 2.0 Stealth
 * Level 2.6 Spellcasting
 * Level 2.0 Conjurations
 + Level 3.2 Air Magic


You had 6 spell levels left.
You knew the following spells:

 Your Spells              Type           Power        Failure   Level  Hunger
a - Shock                 Conj/Air       #...         7%          1    #......

Your spell library contained the following spells:

 Spells                   Type           Power        Failure   Level  Hunger
 Swiftness                Chrm/Air       #.......     16%         2    ###....
 Static Discharge         Conj/Air       #.......     22%         3    ###....
 Airstrike                Air            ##........   50%         4    #####..
 Lightning Bolt           Conj/Air       #.........   89%         5    ######.


Dungeon Overview and Level Annotations

Branches:
Dungeon (2/15)

Altars:
Trog

Annotations:
D:2 exclusion: ice beast


Innate Abilities, Weirdness & Mutations

Your plain brown scales are hard. (AC +5)
You cannot fit into any form of body armour.
You are cold-blooded and may be slowed by cold attacks.


Message History

The zap misses the ice beast.
The ice beast hits you. The ice beast freezes you.
Casting: Shock (safe; 7% risk of failure)
Confirm with . or Enter, or press ? or * to list all spells.
Aiming: Shock (safe; 7% risk of failure)
Press: ? - help, Shift-Dir - straight line The zap hits the ice beast.
The ice beast is lightly wounded.
The zap hits the ice beast.
The ice beast is lightly wounded.
The ice beast misses you.
Casting: Shock (safe; 7% risk of failure)
Confirm with . or Enter, or press ? or * to list all spells.
Aiming: Shock (safe; 7% risk of failure)
Press: ? - help, Shift-Dir - straight line You miscast Shock.
You are very lightly contaminated with residual magic.
Nothing appears to happen.
The ice beast hits you. The ice beast freezes you!
You feel yourself slow down.
You die...

#.......#.#......####
+........<.......####
.....#......###...........
.....#........'.........#.
........#######.......#.#.
.........#.............#.#.
.........#.###########.#...
........#Y# .....###'#+#+
#.##...#@# ..............
####..###'#'#...............
#........................รท..
+...........................
#...........................
#...........................
#...........................
#..............##...........
#..............# ...........


You could see an ice beast.

Vanquished Creatures
  2 adders (D:2)
  A dart slug (D:1)
  A ball python (D:2)
  A giant cockroach (D:1)
  4 goblins (D:1)
  2 hobgoblins (D:1)
  5 kobolds (D:1)
  2 frilled lizards
  5 rats (D:1)
23 creatures vanquished.

Notes
Turn   | Place    | Note
-------+----------+-------------------------------------------
     0 | D:1      | FishyPogo the Draconian Air Elementalist began the quest
                  | for the Orb.
     0 | D:1      | Reached XP level 1. HP: 14/14 MP: 3/3
   277 | D:1      | Reached XP level 2. HP: 15/20 MP: 3/5
   945 | D:2      | Noticed an ice beast
   997 | D:2      | Reached XP level 3. HP: 22/26 MP: 2/6
  1082 | D:2      | Found a bloodstained altar of Trog.
  1097 | D:2      | Slain by an ice beast

Levels and vault maps discovered:
D:1:      lemuel_arrival_river_ford, layout_rooms, serial_forest,
          infiniplex_forest_straight_4, infiniplex_forest_lined_1,
          infiniplex_forest_lined_corner, infiniplex_forest_clump_long,
          infiniplex_forest_end_1, infiniplex_forest_lined_2
D:2:      layout_basic, overflow_temple_1_default, fedhas_altar_fruit_tree,
          nemelex_xobeh_ov_fountains_minmay

Skill      XL: |  1  2  3 |
---------------+----------+-----
Stealth        | 2 |  2.0
Dodging        | 2 |  2.0
Conjurations   | 2 |  2.0
Spellcasting   | |  2.6
Air Magic      | |  3.2

Action                   || total
-------------------------++-------
Melee: Club              ||     1
       Short sword       ||    20
       Tailslap          ||     4
 Cast: Shock             ||    39
 Stab: Sleeping          ||     1
  Eat: Chunk             ||     1
Armor: Skin              ||     9
Dodge: Dodged            ||    15
